 Dungeon Crawl Stone Soup version 0.18.1-48-g4cf74bf (webtiles) character file.

4441 Alarkh the Spear-Bearer (level 10, -3/63 HPs)
             Began as a Mummy Necromancer on July 17, 2016.
             Was an Initiate of Gozag.
             Slain by a wraith (13 damage)
             ... on level 10 of the Dungeon.
             The game lasted 00:23:19 (10058 turns).

Alarkh the Spear-Bearer (Mummy Necromancer)        Turns: 10058, Time: 00:23:19

Health: -3/63      AC:  7    Str: 11    XL:     10   Next: 15%
Magic:  19/19      EV: 12    Int: 18    God:    Gozag
Gold:   915        SH:  2    Dex: 13    Spells: 3 memorised, 14 levels left

rFire  x . .     SeeInvis +     a - +1 trident (freeze)
rCold  + . .     Gourm    .     d - +2 robe {MR+}
rNeg   + + +     Faith    .     (no shield)
rPois  ∞         Spirit   .     n - +0 helmet
rElec  .         Dismiss  .     (no cloak)
rCorr  .         Reflect  +     q - +0 pair of gloves
SustAt .         Harm     .     v - +0 pair of boots
MR     +++..                    m - +2 amulet of reflection
Stlth  ++........               D - ring of see invisible
                                p - ring of protection from magic

@: very slightly contaminated, extremely resistant to hostile enchantments,
unstealthy
A: no food or potions, fire vulnerability, cold resistance 1, negative energy
resistance 3, torment resistance, unbreathing
a: Potion Petition, Call Merchant, Bribe Branch, Renounce Religion


You were on level 10 of the Dungeon.
You worshipped Gozag.
Gozag was noncommittal.
You were not hungry.

You visited 2 branches of the dungeon, and saw 13 of its levels.
You also visited: Ossuary.

You collected 1067 gold pieces.
You paid 152 gold pieces to Gozag.

Inventory:

Hand Weapons
 a - a +1 trident of freezing (weapon)
 b - a +0 halberd
 c - a +0 hand axe
 k - a +0 trident
 u - a +0 spear
 E - a +1 dagger of venom
Armour
 d - a +2 robe of magic resistance (worn)
 f - a +0 robe
 n - a +0 helmet (worn)
 q - a +0 pair of gloves (worn)
 v - a +0 pair of boots (worn)
Jewellery
 l - an uncursed amulet of guardian spirit
 m - a +2 amulet of reflection (around neck)
 p - a ring of protection from magic (left hand)
 z - an uncursed ring of flight
 D - a ring of see invisible (right hand)
Wands
 o - a wand of lightning (8/15)
 x - a wand of slowing (11/48)
 A - a wand of confusion (16/48)
Scrolls
 e - 5 scrolls of remove curse
 i - 2 scrolls of acquirement
 j - a scroll of enchant armour
 y - 3 scrolls of amnesia
 C - a scroll of recharging
Books
 g - a book of Debilitation

   Spells                             Type                      Level
   a - Corona                         Hexes                        1
   b - Slow                           Hexes                        2
   c - Gell's Gravitas                Hexes/Translocation          3
   d - Inner Flame                    Hexes/Fire                   3
   e - Cause Fear                     Hexes                        4
   f - Leda's Liquefaction            Hexes/Earth                  4
 h - a book of Enchantments

   Spells                             Type                      Level
   a - Cause Fear                     Hexes                        4
   b - Yara's Violent Unravelling     Hexes/Transmutation          5
   c - Silence                        Hexes/Air                    5
   d - Deflect Missiles               Charms/Air                   6
   e - Haste                          Charms                       6
   f - Discord                        Hexes                        8
 w - a book of Necromancy

   Spells                             Type                      Level
   a - Pain                           Necromancy                   1
   b - Animate Skeleton               Necromancy                   1
   c - Vampiric Draining              Necromancy                   3
   d - Regeneration                   Charms/Necromancy            3
   e - Animate Dead                   Necromancy                   4
   f - Control Undead                 Necromancy                   4


   Skills:
 + Level 9.9 Polearms
 - Level 1.5 Dodging
 - Level 1.5 Stealth
 - Level 6.5 Spellcasting
 - Level 7.0 Necromancy


You had 14 spell levels left.
You knew the following spells:

 Your Spells              Type           Power        Failure   Level  Hunger
a - Pain                  Necr           ####         1%          1    N/A
b - Vampiric Draining     Necr           ####......   1%          3    N/A
c - Control Undead        Necr           ####......   8%          4    N/A

Dungeon Overview and Level Annotations

Branches:
Dungeon (12/15)            Temple (1/1) D:7
   Lair: D:8-11         Orc: D:9-12

Altars:
Ashenzari
Cheibriados
Dithmenos
Elyvilon
Fedhas
Gozag
Nemelex Xobeh
Okawaru
Qazlal
Ru
Sif Muna
Trog
Yredelemnul
Zin
The Shining One

Shops:
D:4 *   D:6 !

Annotations:
D:10 Grum, Snorg


Innate Abilities, Weirdness & Mutations

You do not eat or drink.
Your flesh is vulnerable to fire.
You are immune to poison.
Your flesh is cold resistant.
You are immune to negative energy.
You are immune to unholy pain and torment.
You can survive without breathing.


Message History

* * * LOW HITPOINT WARNING * * *
Unknown command.
Read which item? (? for menu, Esc to quit)
Okay, then.
Read which item? (? for menu, Esc to quit)
As you read the scroll of fear, it crumbles to dust.
You assume a fearsome visage.
The hill giant resists with some effort.
You hear a distant slurping noise.
A wraith comes into view.
Read which item? (? for menu, Esc to quit)
Blink to where?
Press: ? - help, Dir - move target cursor, p - hill giant You are very lightly contaminated with residual magic.
As you read the scroll of blinking, it crumbles to dust.
The wraith hits you.
* * * LOW HITPOINT WARNING * * *
The wraith hits you!
You die...
Your body crumbles into a pile of gold.

#.# #.# #...W.....# #.######g#
#.#######.# #......#.#
#.#.....#.# ######.#.#
#.#.###.#W# #.#.# #.#.#...#.#
#.#.# #W#.#...#.### #.#.#
#.#.#.......##
#.#.##########.#.#.W##.....
#.#.....CW@....#.#..#..#...
#(##############.#.W#..####
#.##.............#.....# #
#######.##.##.............#.##
#
........##.##.#############.#
# ##########.##.# #.# #
#.......##.# #.# #
####.########.# #.# # .....#
#.# #.. .


You could see a hill giant and a wraith.

Vanquished Creatures
  Pikel (D:6)
  Sigmund (D:2)
  Eustachio (D:6)
  A hungry ghost (D:10)
  Menkaure (D:7)
  A soldier ant (D:10)
  3 black bears
  An orc warrior (D:6)
  2 sky beasts
  An ogre (D:4)
  2 wolves (D:10)
  2 centaurs
  5 big kobolds (D:4)
  A giant frog (D:9)
  A scorpion (D:7)
  11 killer bees
  4 wights
  2 howler monkeys (D:7)
  5 crimson imps
  A quasit (D:6)
  An orc priest (D:3)
  A centaur skeleton (D:7)
  9 hounds
  4 orc wizards
  8 worker ants
  A big kobold zombie (Ossuary)
  A hound zombie (D:7)
  A hound skeleton (D:6)
  3 mummies
  12 gnolls
  6 adders
  4 shadow imps
  4 adder zombies
  An adder skeleton (D:5)
  2 worms
  A dart slug (D:2)
  12 giant geckos
  24 orcs
  2 ball pythons (D:4)
  9 bats
  9 giant cockroaches
  26 goblins
  28 hobgoblins
  10 jackals
  8 kobolds
  3 quokkas
  A giant gecko skeleton (D:4)
  11 giant newts
  3 gnoll zombies (Ossuary)
  3 hobgoblin zombies
  2 kobold zombies (Ossuary)
  15 rats
272 creatures vanquished.

Vanquished Creatures (collateral kills)
  2 water moccasin zombies (Ossuary)
  2 big kobold zombies (Ossuary)
  A shadow imp (D:7)
  An adder zombie (Ossuary)
  An orc (D:7)
  A gnoll zombie (Ossuary)
  A hobgoblin zombie (Ossuary)
  2 kobold zombies (Ossuary)
  3 orc zombies (Ossuary)
14 creatures vanquished.

Vanquished Creatures (others)
  A giant frog zombie (D:5)
  An adder zombie (Ossuary)
  2 goblins (D:4)
  A kobold zombie (Ossuary)
  An orc zombie (Ossuary)
6 creatures vanquished.

Grand Total: 292 creatures vanquished

Notes
Turn   | Place    | Note
--------------------------------------------------------------
     0 | D:1      | Alarkh the Mummy Necromancer began the quest for the Orb.
     0 | D:1      | Reached XP level 1. HP: 13/13 MP: 3/3
   137 | D:1      | Reached XP level 2. HP: 18/19 MP: 0/5
   659 | D:2      | Reached XP level 3. HP: 13/24 MP: 0/7
   664 | D:2      | Learned a level 3 spell: Vampiric Draining
   972 | D:2      | Noticed Sigmund
   996 | D:2      | Killed Sigmund
   996 | D:2      | Reached skill level 5 in Necromancy
   996 | D:2      | Reached XP level 4. HP: 11/30 MP: 1/10
   996 | D:2      | Reached XP level 5. HP: 13/35 MP: 1/11
  1957 | D:3      | Reached XP level 6. HP: 25/41 MP: 12/12
  2362 | D:4      | Reached skill level 1 in Polearms
  3302 | D:4      | Reached skill level 5 in Spellcasting
  3302 | D:4      | Reached XP level 7. HP: 5/46 MP: 4/14
  3586 | D:4      | Reached skill level 2 in Polearms
  4150 | D:4      | Found Xatyrhod's General Store.
  4184 | D:4      | Reached skill level 3 in Polearms
  4409 | D:4      | Reached XP level 8. HP: 49/52 MP: 16/16
  4706 | D:5      | Entered Level 5 of the Dungeon
  5193 | D:5      | Noticed Eustachio
  5439 | D:6      | Killed Eustachio
  5439 | D:6      | Reached skill level 4 in Polearms
  5518 | D:5      | Noticed Pikel
  5545 | D:6      | Killed Pikel
  5545 | D:6      | Reached skill level 6 in Polearms
  5982 | D:5      | Reached XP level 9. HP: 49/57 MP: 18/18
  6579 | D:6      | Found Cag Zul's Distillery.
  6759 | D:6      | Reached skill level 7 in Polearms
  7052 | D:7      | Found a staircase to the Ecumenical Temple.
  7058 | Temple   | Entered the Ecumenical Temple
  7100 | Temple   | Became a worshipper of Gozag Ym Sagoz the Greedy
  7148 | D:7      | Found a sand-covered staircase.
  7160 | Ossuary  | Entered an ossuary
  7169 | Ossuary  | Learned a level 4 spell: Control Undead
  7586 | Ossuary  | Identified 2 scrolls of acquirement
  7699 | D:7      | Noticed Menkaure
  7981 | D:7      | Reached skill level 8 in Polearms
  8420 | D:7      | Your ally died
  8442 | D:7      | Found a basalt altar of Yredelemnul.
  8961 | D:8      | Found a sacrificial altar of Ru.
  9071 | D:9      | Reached skill level 9 in Polearms
  9132 | D:9      | You fall through a shaft for 3 floors!
  9227 | D:10     | Entered Level 10 of the Dungeon
  9227 | D:10     | Noticed a hill giant
  9245 | D:10     | Noticed Snorg
  9382 | D:9      | Found a shadowy altar of Dithmenos.
  9382 | D:9      | Found a deep blue altar of Sif Muna.
  9578 | D:10     | Reached XP level 10. HP: 60/63 MP: 19/19
  9847 | D:10     | Noticed Grum
  9981 | D:10     | Noticed a hill giant
  9987 | D:10     | HP: 2/63 [hill giant/giant club (3)]
 10058 | D:10     | Slain by a wraith

Skill      XL: |  1  2  3  4  5  6  7  8  9 |
---------------+----------------------------+-----
Spellcasting   | 4 5 6 |  6.5
Necromancy     | 5 6 7 |  7.0
Polearms       | 1 3 6 9 |  9.9
Dodging        | |  1.5
Stealth        | |  1.5

Action                   |  1- 3 |  4- 6 |  7- 9 | 10-12 || total
-------------------------+-------+-------+-------+-------++-------
Melee: Unarmed           |     9 |       |       |       ||     9
       Dagger            |    58 |   255 |   431 |       ||   744
       Hand axe          |     3 |       |       |       ||     3
       Halberd           |       |       |   129 |       ||   129
       Trident           |       |       |    59 |    54 ||   113
 Cast: Pain              |    23 |       |     6 |     1 ||    30
       Vampiric Draining |     2 |    18 |    59 |    12 ||    91
       Control Undead    |       |       |    16 |       ||    16
  Use: Scroll            |     3 |       |    13 |     3 ||    19
 Stab: Sleeping          |       |     6 |     4 |       ||    10
       Distracted        |       |       |     3 |     1 ||     4
Armor: Robe              |     9 |    85 |   236 |    18 ||   348
Dodge: Dodged            |    54 |   219 |   413 |    31 ||   717
Block: Other             |       |    24 |    45 |     3 ||    72
       Reflection        |       |     3 |       |       ||     3
